 Dungeon Crawl Stone Soup version 0.20.1-1-g8b1a95d66d (webtiles) character file.

17773 Popi the Blocker (level 12, 0/95 HPs)
             Began as a Human Fighter on Dec 18, 2017.
             Was a High Priest of the Shining One.
             Succumbed to a spiny frog's poison
             ... on level 1 of the Lair of Beasts.
             The game lasted 01:06:04 (18496 turns).

Popi the Blocker (Human Fighter)                   Turns: 18496, Time: 01:06:05

Health: 0/95       AC: 17    Str: 20    XL:     12   Next: 86%
Magic:  1/22       EV:  8    Int:  9    God:    the Shining One [*****.]
Gold:   1102       SH: 12    Dex: 14    Spells: 11/11 levels left

rFire    . . .     SeeInvis .   a - +1 long sword
rCold    . . .     Gourm    .   c - +0 shield
rNeg     + + .     Faith    .   h - +0 plate armour (curse)
rPois    .         Spirit   +   (helmet restricted)
rElec    .         Reflect  .   j - +1 cloak
rCorr    +         Harm     .   (no gloves)
MR       .....                  (no boots)
Stlth    ..........             i - amulet of guardian spirit
Regen    0.3/turn               q - ring of magical power
MPRegen  0.2/turn               r - ring of resist corrosion

@: lethally poisoned (0 -> -11), glowing
A: antennae 1, mutation resistance 1
a: Divine Shield, Cleansing Flame, Summon Divine Warrior, Renounce Religion


You were on level 1 of the Lair of Beasts.
You worshipped the Shining One.
The Shining One was extremely pleased with you.
You were hungry.

You visited 3 branches of the dungeon, and saw 13 of its levels.
You also visited: Labyrinth, Ossuary and Bailey.

You collected 1102 gold pieces.

Inventory:

Hand Weapons
 a - a +1 long sword (weapon)
Armour
 c - a +0 shield (worn)
 h - a cursed +0 plate armour (worn)
 j - a +1 cloak (worn)
Jewellery
 i - an amulet of guardian spirit (around neck)
 p - an uncursed amulet of the gourmand
 q - a ring of magical power (left hand)
 r - a ring of resist corrosion (right hand)
 y - an uncursed ring of see invisible {unknown}
 H - an uncursed ring of protection from cold
 M - an uncursed ring of positive energy
 R - the ring "Ulaac" {Fire rPois MR- Int+4 Dex+3, unknown}
   (You found it in a labyrinth)

   [ring of fire]

   It enhances your fire magic.
   It affects your intelligence (+4).
   It affects your dexterity (+3).
   It protects you from fire.
   It makes you vulnerable to cold.
   It protects you from poison.
   It affects your resistance to hostile enchantments.
 T - an uncursed amulet of rage {unknown}
 X - an uncursed ring of flight {unknown}
Wands
 C - a wand of iceblast (5/15)
 P - a wand of disintegration (6/24)
 V - a wand of digging (6/24)
Scrolls
 d - 3 scrolls of fear
 k - 4 scrolls of teleportation
 o - 4 scrolls of remove curse
 u - 5 scrolls of identify
 x - a scroll of enchant weapon
 K - 2 scrolls of blinking
 S - a scroll of magic mapping
Potions
 v - a potion of resistance
 E - a potion of flight
Comestibles
 f - 10 bread rations
 g - a royal jelly
 l - 11 meat rations
 m - 8 fruits


   Skills:
 + Level 9.3 Fighting
 + Level 9.1 Long Blades
   Level 3.6 Maces & Flails
 + Level 10.0 Armour
 * Level 5.5 Dodging
 + Level 11.2 Shields
 - Level 1.4 Evocations


You had 11 spell levels left.
You didn't know any spells.

Dungeon Overview and Level Annotations

Branches:
Dungeon (11/15)            Temple (1/1) D:5            Lair (1/6) D:11
    Orc: D:9-12

Altars:
Ashenzari
Cheibriados
Dithmenos
Elyvilon
Fedhas
Gozag
Hepliaklqana
Kikubaaqudgha
Makhleb
Nemelex Xobeh
Okawaru
Qazlal
Ru
Sif Muna
Trog
Uskayaw
Vehumet
Xom
Yredelemnul
Zin
The Shining One

Shops:
D:9 :


Innate Abilities, Weirdness & Mutations

You have a pair of small antennae on your head.
You are somewhat resistant to further mutation.


Message History

The spiny frog stings you.
* * * LOW HITPOINT WARNING * * *
You are poisoned.
The spiny frog poisons you!
You feel sick.
Okay, then.
You hit the spiny frog but do no damage.
The spiny frog is heavily wounded.
You feel sick. You block the spiny frog's attack.
You hit the spiny frog.
The spiny frog is heavily wounded.
You feel sick. The spiny frog stings you!
* * * LOW HITPOINT WARNING * * *
You slash the spiny frog!
The spiny frog is almost dead.
* * * LOW HITPOINT WARNING * * *
You feel sick. You block the spiny frog's attack.
You slash the spiny frog!
You kill the spiny frog!
You die...

.......## #..## .......#
#..# ......†## ##.##
......#.## #>.#
......#..##### ######.##
.......#.....# #..##..#
.....##......######(.##.##
....####..#.....#.##.†..#
.... ##..###..†@...##.P#
.... #......####....†.##
#### #.......##...(....#
##........(.....#..#
#.............####...
##...........## ....
#..........## ....
#......##### .... #.....##


There were no monsters in sight!

Vanquished Creatures
  A minotaur (Lab)
  Erica (D:7)
  4 two-headed ogres
  The ghost of Goodini51 the Cleaver, a novice MiFi of Qazlal (D:8)
  The ghost of Merkknight the Fighter, a novice MiBe of Trog (D:6)
  Pikel (D:9)
  2 ugly things (D:11)
  A cyclops (D:10)
  A centaur zombie (D:11)
  2 kobold demonologists (D:11)
  A spiny frog (Lair:1)
  A komodo dragon (Lair:1)
  The ghost of Popi the Covered, an amateur HuFi of Trog (D:4)
  3 blink frogs (Lair:1)
  4 hippogriffs
  8 yaks
  A spriggan (D:8)
  Sigmund (D:3)
  Edmund (D:4)
  An acid dragon (D:11)
  5 water moccasins
  4 porcupines (D:11)
  Duvessa (D:6)
  2 orc warriors (D:11)
  2 sky beasts
  A necrophage (D:6)
  A phantom (D:6)
  8 ogres
  9 centaurs
  4 crocodiles
  6 big kobolds
  2 bullfrogs
  An elf zombie (Ossuary)
  8 gnoll sergeants (Bailey)
  Dowan (D:6)
  4 scorpions
  7 howler monkeys
  7 crimson imps
  A bullfrog zombie (D:5)
  A quasit (D:10)
  2 human zombies (Ossuary)
  5 hounds
  4 orc wizards
  6 gnoll shamans (Bailey)
  4 orc priests
  A bullfrog skeleton (D:11)
  A centaur skeleton (D:11)
  2 iguanas
  10 worker ants
  A hound zombie (D:11)
  3 mummies
  3 worker ant zombies
  14 gnolls (Bailey)
  15 adders
  2 shadow imps (D:11)
  2 adder zombies (Ossuary)
  2 adder skeletons
  6 worms
  3 dart slugs
  5 leopard geckos
  26 orcs
  6 bats
  11 giant cockroaches
  13 goblins
  8 hobgoblins
  7 jackals
  4 quokkas
  A ball python (D:3)
  4 frilled lizards
  12 hobgoblin zombies (Ossuary)
  2 jackal zombies
  32 kobolds
  12 kobold zombies (Ossuary)
  A leopard gecko skeleton (D:4)
  4 orc zombies (Ossuary)
  6 rats
  3 rat zombies (Ossuary)
355 creatures vanquished.

Vanquished Creatures (others)
  A hungry ghost (D:10)
  A leopard gecko (D:6)
  9 fungi (D:11)
  A plant (D:11)
12 creatures vanquished.

Grand Total: 367 creatures vanquished

Notes
Turn   | Place    | Note
-------+----------+-------------------------------------------
     0 | D:1      | Popi the Human Fighter began the quest for the Orb.
     0 | D:1      | Reached XP level 1. HP: 18/18 MP: 1/1
   141 | D:1      | Reached XP level 2. HP: 23/24 MP: 2/2
   574 | D:2      | Reached XP level 3. HP: 29/29 MP: 3/3
  1146 | D:2      | Reached XP level 4. HP: 35/35 MP: 4/4
  1756 | D:3      | Found a faded altar of an unknown god.
  2387 | D:3      | Reached XP level 5. HP: 41/41 MP: 5/5
  3108 | D:4      | Reached skill level 1 in Maces & Flails
  3108 | D:4      | Reached skill level 4 in Shields
  3108 | D:4      | Reached XP level 6. HP: 44/48 MP: 6/6
  3195 | D:4      | Noticed Popi's ghost (amateur HuFi)
  3370 | D:4      | Noticed Sigmund
  3507 | D:4      | Noticed an ogre
  3526 | D:4      | Killed an ogre
  3758 | D:3      | Killed Sigmund
  3758 | D:3      | Reached XP level 7. HP: 28/54 MP: 7/7
  4270 | D:4      | Killed Popi's ghost
  4270 | D:4      | Reached skill level 5 in Shields
  4270 | D:4      | Reached XP level 8. HP: 16/61 MP: 6/8
  4529 | D:5      | Entered Level 5 of the Dungeon
  4611 | D:5      | Found a staircase to the Ecumenical Temple.
  4625 | Temple   | Entered the Ecumenical Temple
  4863 | Temple   | Became a worshipper of the Shining One
  5091 | D:5      | Reached skill level 5 in Fighting
  5091 | D:5      | Reached skill level 5 in Armour
  5170 | D:5      | Noticed Edmund
  5469 | D:4      | Killed Edmund
  5470 | D:4      | Reached skill level 6 in Shields
  6192 | D:5      | Reached XP level 9. HP: 27/69 MP: 8/9
  6493 | D:5      | Found a sparkling altar of Nemelex Xobeh.
  6588 | D:5      | Found an ancient bone altar of Kikubaaqudgha.
  6874 | D:6      | Noticed Merkknight's ghost (novice MiBe)
  6876 | D:6      | Noticed Dowan
  6993 | D:6      | Found a sand-covered staircase.
  6999 | Ossuary  | Entered an ossuary
  7005 | Ossuary  | Reached * piety under the Shining One
  7059 | Ossuary  | Reached ** piety under the Shining One
  7118 | Ossuary  | Reached *** piety under the Shining One
  7142 | Ossuary  | Reached skill level 7 in Shields
  7464 | D:6      | Killed Merkknight's ghost
  7554 | D:6      | Reached skill level 8 in Shields
  7567 | D:6      | Noticed Duvessa
  7567 | D:6      | Reached **** piety under the Shining One
  7603 | D:6      | Killed Duvessa
  7609 | D:6      | Killed Dowan
  8041 | D:6      | Found a shimmering altar of Xom.
  8042 | D:6      | Noticed an angel
  8049 | D:6      | Found a glowing silver altar of Zin.
  8332 | D:7      | Found a flagged portal.
  8342 | Bailey   | Entered a bailey
  8367 | Bailey   | Reached XP level 10. HP: 47/79 MP: 10/10
  8850 | Bailey   | Reached skill level 1 in Evocations
  8912 | Bailey   | Reached skill level 9 in Shields
  9985 | D:8      | Noticed a two-headed ogre
 10005 | D:8      | Killed a two-headed ogre
 10088 | D:8      | Noticed Goodini51's ghost (novice MiFi)
 10354 | D:8      | Got an ancient pewter amulet
 10383 | D:8      | Noticed Erica
 11318 | D:7      | Killed Erica
 11318 | D:7      | Reached skill level 10 in Shields
 11318 | D:7      | Reached XP level 11. HP: 12/87 MP: 8/11
 11744 | D:8      | Identified the amulet "Ujicorup" {Faith *Slow rElec Str+7 Dex-3} (You found it on level 8 of the Dungeon)
 11858 | D:9      | Noticed a two-headed ogre
 11861 | D:9      | Noticed a two-headed ogre
 12051 | D:7      | Killed a two-headed ogre
 12051 | D:7      | Reached skill level 1 in Dodging
 12294 | D:8      | Killed Goodini51's ghost
 12347 | D:8      | Reached ***** piety under the Shining One
 12514 | D:9      | Found a shadowy altar of Dithmenos.
 12523 | D:9      | Found a shattered altar of Ashenzari.
 12530 | D:9      | Found a bloodstained altar of Trog.
 12533 | D:9      | Found a burning altar of Makhleb.
 12799 | D:9      | Found Dahyseaf's Book Emporium.
 12879 | D:9      | Killed a two-headed ogre
 13163 | D:9      | Reached skill level 5 in Long Blades
 13230 | D:9      | Noticed Pikel
 13246 | D:9      | Killed Pikel
 13578 | D:10     | Entered Level 10 of the Dungeon
 13593 | D:10     | HP: 2/87 [yak (4)]
 14117 | D:10     | Noticed a cyclops
 14438 | D:10     | Killed a cyclops
 14901 | D:10     | Gained mutation: You are somewhat resistant to further mutation. [potion of mutation]
 14901 | D:10     | Gained mutation: You have a pair of small antennae on your head. [potion of mutation]
 15054 | D:11     | Noticed a brown ugly thing
 15097 | D:11     | HP: 4/87 [centaur warrior zombie (1)]
 15102 | D:10     | HP: 3/87 [poisoned by an orc warrior]
 15110 | D:10     | HP: 3/87 [poisoned by an orc warrior]
 15118 | D:10     | HP: 3/87 [poisoned by an orc warrior]
 15483 | D:11     | Reached XP level 12. HP: 95/95 MP: 12/12
 15911 | D:11     | Found a staircase to the Lair.
 16039 | D:11     | Reached skill level 11 in Shields
 16145 | D:11     | Noticed a two-headed ogre
 16200 | D:11     | Killed a two-headed ogre
 17226 | Lair:1   | Entered Level 1 of the Lair of Beasts
 17326 | Lair:1   | Found a labyrinth entrance.
 17343 | Lab      | Entered a labyrinth
 17723 | Lab      | Noticed a minotaur
 17740 | Lab      | The Shining One protects you from harm!
 17743 | Lab      | Killed a minotaur
 17743 | Lab      | Reached skill level 5 in Dodging
 17753 | Lab      | Got a smoking lapis lazuli ring
 18146 | Lair:1   | Reached skill level 10 in Armour
 18494 | Lair:1   | HP: 2/95 [spiny frog (13)]
 18496 | Lair:1   | Succumbed to a spiny frog's poison

Skill      XL: |  1  2  3  4  5  6  7  8  9 10 11 12 |
---------------+-------------------------------------+-----
Long Blades    | 3 6 9 |  9.1
Maces & Flails | 1 3 |  3.6
Shields        | 4 5 6 8 10 11 | 11.2
Armour         | 4 5 7 8 9 10 | 10.0
Fighting       | 4 5 7 8 9 |  9.3
Evocations     | 1 |  1.4
Dodging        | 3 5 |  5.5

Action                   |  1- 3 |  4- 6 |  7- 9 | 10-12 || total
-------------------------+-------+-------+-------+-------++-------
Melee: Long sword        |    87 |   127 |       |   671 ||   885
       Flail             |       |   128 |   465 |   382 ||   975
Evoke: Wand              |       |       |       |    23 ||    23
  Use: Scroll            |       |     8 |     3 |    11 ||    22
       Potion            |       |     2 |     5 |    11 ||    18
  Eat: Chunk             |     1 |     9 |    13 |    49 ||    72
       Fruit             |       |       |     1 |     5 ||     6
Armor: Scale mail        |    40 |    63 |       |       ||   103
       Plate armour      |       |    70 |   300 |   533 ||   903
       Skin              |       |       |       |    20 ||    20
Dodge: Dodged            |    31 |    45 |    70 |   249 ||   395
Block: Shield            |    49 |   143 |   298 |   763 ||  1253
       Rpst.: Long sword |     9 |     9 |       |    34 ||    52
